 Dungeon Crawl Stone Soup version 0.30.0-29-ga12c61a403 (webtiles) character file.

Game seed: 17484310839198507621

3251 cdecastro the Skirmisher (level 9, 0/102 HPs)
             Began as a Minotaur Hunter on June 20, 2023.
             Was a Priest of Okawaru.
             Slain by a yak (8 damage)
             ... on level 7 of the Dungeon on June 21, 2023.
             The game lasted 00:18:45 (8902 turns).

cdecastro the Skirmisher (Minotaur Hunter)          Turns: 8902, Time: 00:18:45

Health: 0/102      AC: 24    Str: 20    XL:     9   Next: 67%
Magic:  8/8        EV:  2    Int:  6    God:    Okawaru [***...]
Gold:   389        SH:  0    Dex: 14    Spells: 8/8 levels left

rFire   . . .        a - +0 shortbow
rCold   . . .        (shield currently unavailable)
rNeg    . . .        e - melded +0 scale mail
rPois   +            (helmet currently unavailable)
rElec   .            (cloak currently unavailable)
rCorr   .            (gloves currently unavailable)
SInv    .            m - melded +0 pair of boots
Will    .....        (no amulet)
Stlth   ++           d - ring of poison resistance
HPRegen 0.37/turn    (no ring)
MPRegen 0.11/turn

%: no passive effects
@: tree-form
A: stationary, stasis, torment immunity, boosted hp, (horns 2), (retaliatory
headbutt)
a: Renounce Religion, Heroism


You were on level 7 of the Dungeon.
You worshipped Okawaru.
Okawaru was most pleased with you.
You were a tree.
You visited 2 branches of the dungeon, and saw 9 of its levels.
You also visited: Ossuary.

You collected 389 gold pieces.

Inventory:

Hand Weapons
 a - a +0 shortbow (weapon)
Missiles
 E - a throwing net
Armour
 e - a +0 scale mail (melded)
 m - a +0 pair of boots (melded)
 z - a +0 cloak
Jewellery
 d - a ring of poison resistance (left branch)
 y - a +4 ring of protection
Wands
 F - a wand of roots (5)
Scrolls
 b - a scroll of immolation
 g - 2 scrolls of teleportation {unknown}
 k - 2 scrolls of noise {unknown}
 l - a scroll of acquirement {unknown}
 n - 3 scrolls of poison
 o - 4 scrolls of fear {unknown}
 p - 2 scrolls of brand weapon {unknown}
 t - a scroll of enchant weapon {unknown}
 u - a scroll of amnesia {unknown}
 x - a scroll of magic mapping {unknown}
 D - 3 scrolls of butterflies {unknown}
Potions
 c - 4 potions of mutation
 f - 9 potions of curing
 h - a potion of invisibility {unknown}
 i - a potion of degeneration {unknown}
 j - 2 potions of magic {unknown}
 q - 3 potions of attraction
 r - a potion of cancellation {unknown}
 s - 3 potions of brilliance {unknown}
 v - a potion of resistance {unknown}
 w - 4 potions of flight
 B - 3 potions of might
 C - a potion of haste


   Skills:
 - Level 2.8 Fighting
 + Level 11.4 Ranged Weapons
 + Level 11.4 Armour
 - Level 2.1 Dodging
 - Level 0.7 Stealth


You had 8 spell levels left.
You didn't know any spells.
Your spell library contained the following spells:

 Spells                   Type           Power      Damage    Failure   Level
 Sandblast                Erth           0%         2d4       45%         1
 Slow                     Hex            0%         N/A       45%         1
 Cigotuvi's Dreadful Rot  Necr/Pois/Air  0%         N/A       58%         2
 Passwall                 Tmut/Erth      0%         N/A       58%         2
 Poisonous Vapours        Pois/Air       0%         N/A       58%         2
 Scorch                   Fire           0%         2d5       58%         2
 Confusing Touch          Hex            0%         N/A       83%         3
 Mephitic Cloud           Conj/Pois/Air  0%         N/A       83%         3
 Stone Arrow              Conj/Erth      0%         3d7       83%         3
 Vampiric Draining        Necr           0%         2d6       83%         3
 Dispel Undead            Necr           0%         3d6       99%         4
 Flame Wave               Conj/Fire      0%         2d4       99%         4
 Freezing Cloud           Conj/Ice/Air   0%         6-21      100%        5
 Death Channel            Necr           Unusable   N/A       N/A         6
 Summon Cactus Giant      Summ           Unusable   N/A       N/A         6

Dungeon Overview and Level Annotations

Branches:
Dungeon (8/15)             Temple (1/1) D:7         Ossuary (visited)
   Lair: D:8-11

Altars:
Ashenzari
Cheibriados
Dithmenos
Elyvilon
Gozag
Hepliaklqana
Kikubaaqudgha
Makhleb
Nemelex Xobeh
Okawaru
Qazlal
Ru
Sif Muna
Trog
Xom
Yredelemnul
Zin
The Shining One

Shops:
D:6 :


Innate Abilities, Weirdness & Mutations

You are a tree.
Your roots penetrate the ground, keeping you stationary.
You cannot be teleported.
You are immune to unholy pain and torment.
Your maximum health is greatly increased.
Your equipment is partially melded.
((You have a pair of horns on your head.))
((You reflexively headbutt those who attack you in melee.))


Message History

* * * LOW HITPOINT WARNING * * *
You shoot an arrow. The arrow completely misses the yak.
The yak gores you!
* * * LOW HITPOINT WARNING * * *
You shoot an arrow. The arrow completely misses the yak.
The yak gores you.
* * * LOW HITPOINT WARNING * * *
The yak closely misses you.
You shoot an arrow.
The arrow hits the yak but does no damage.
The yak is severely wounded.
The yak gores you.
* * * LOW HITPOINT WARNING * * *
Unknown command.
Really quaff the potion of lignification?
You turn into a tree.
Your +0 pair of boots melds into your body.
Your +0 scale mail melds into your body.
Your roots penetrate the ground.
The yak gores you but does no damage.
Unknown command.
You shoot an arrow. The arrow barely misses the yak.
The yak gores you but does no damage.
Unknown command.
You shoot an arrow. The arrow barely misses the yak.
Unknown command.
You shoot an arrow. The arrow hits the yak!
The yak is almost dead.
The yak gores you but does no damage.
Unknown command.
You shoot an arrow.
The arrow hits the yak but does no damage.
The yak is almost dead.
The yak gores you but does no damage.
Unknown command.
You shoot an arrow. The arrow barely misses the yak.
The yak gores you but does no damage.
Unknown command.
You shoot an arrow.
The arrow hits the yak but does no damage.
The yak is almost dead.
The yak gores you!
You die...

################
#..............#
#.........♣Y.#.# #
#..........)...# #
#<............##
#######..##.........#
........###.........#
..........#.........#
######..#.#.........#
####....#.......<...#
.##.>##..##.........######


You could see a yak.

Vanquished Creatures
  Pikel (D:4)
  Prince Ribbit (D:7)
  Sigmund (D:4)
  A wyvern (D:7)
  A wraith (D:7)
  A water moccasin (D:7)
  2 black bears
  An ice beast (D:5)
  A sky beast (D:6)
  6 ogres
  2 phantoms
  A lemure (D:4)
  A bullfrog (D:7)
  A scorpion (D:7)
  A howler monkey (D:6)
  3 hounds
  Crazy Yiuf (D:4)
  3 human zombies (Ossuary)
  An orc priest (D:3)
  Ijyb (D:3)
  4 orc wizards
  An iguana (D:4)
  3 mummies
  Robin (D:4)
  9 gnolls
  13 adders
  A shadow imp (D:7)
  2 white imps
  2 adder zombies (Ossuary)
  4 worms
  3 dart slugs
  31 orcs
  9 ball pythons
  8 endoplasms
  3 giant cockroaches
  21 goblins
  15 hobgoblins
  3 quokkas
  5 bats
  5 frilled lizards
  2 goblin zombies
  10 hobgoblin zombies (Ossuary)
  2 jackal zombies (Ossuary)
  12 kobolds
  9 kobold zombies (Ossuary)
  9 orc zombies
  5 rats
  2 rat zombies (Ossuary)
225 creatures vanquished.

Notes
Turn   | Place    | Note
-------+----------+-------------------------------------------
     0 | D:1      | cdecastro the Minotaur Hunter began the quest for the Orb.
     0 | D:1      | Reached XP level 1. HP: 18/18 MP: 0/0
    87 | D:1      | Found a faded altar of an unknown god.
   255 | D:1      | Reached XP level 2. HP: 21/25 MP: 1/1
   303 | D:1      | Prayed at the altar of an unknown god.
   303 | D:1      | Became a worshipper of Warmaster Okawaru
   303 | D:1      | Reached * piety under Okawaru
   337 | D:1      | Reached skill level 1 in Armour
   733 | D:1      | Reached skill level 5 in Ranged Weapons
   733 | D:1      | Reached XP level 3. HP: 29/30 MP: 2/2
  1414 | D:2      | Reached XP level 4. HP: 29/37 MP: 3/3
  2064 | D:3      | Reached XP level 5. HP: 30/44 MP: 4/4
  2141 | D:3      | Found a white marble altar of Elyvilon.
  2317 | D:3      | Found a bloodstained altar of Trog.
  2629 | D:3      | Found an iron altar of Okawaru.
  3162 | D:4      | Noticed Ijyb
  3165 | D:4      | Noticed Sigmund
  3167 | D:4      | Noticed Robin
  3182 | D:3      | Killed Ijyb
  3183 | D:3      | Reached XP level 6. HP: 6/50 MP: 5/5
  3712 | D:4      | Found a runed translucent door.
  3713 | D:4      | Noticed Crazy Yiuf
  3887 | D:4      | Reached skill level 5 in Armour
  4044 | D:4      | Reached ** piety under Okawaru
  4525 | D:4      | Killed Robin
  4546 | D:4      | Reached XP level 7. HP: 55/56 MP: 6/6
  4644 | D:4      | Killed Sigmund
  5034 | D:4      | Noticed Pikel
  5095 | D:4      | Killed Pikel
  5095 | D:4      | Reached *** piety under Okawaru
  5096 | D:4      | Reached XP level 8. HP: 10/62 MP: 7/7
  5532 | D:4      | Killed Crazy Yiuf
  5693 | D:5      | Entered Level 5 of the Dungeon
  6068 | D:5      | Found a shadowy altar of Dithmenos.
  6068 | D:5      | Found an ancient bone altar of Kikubaaqudgha.
  6069 | D:5      | Found a shimmering blue altar of Sif Muna.
  6069 | D:5      | Found a shimmering altar of Xom.
  6805 | D:6      | Reached skill level 10 in Ranged Weapons
  6869 | D:6      | Found Gojext's Book Shop.
  6888 | D:6      | Reached XP level 9. HP: 64/68 MP: 8/8
  7446 | D:7      | Reached skill level 10 in Armour
  7536 | D:7      | Found a sand-covered staircase.
  7544 | Ossuary  | Entered an ossuary
  7970 | D:7      | Noticed Prince Ribbit
  7998 | D:7      | Killed Prince Ribbit
  8082 | D:7      | Found a staircase to the Ecumenical Temple.
  8114 | Temple   | Entered the Ecumenical Temple
  8852 | D:8      | Found a burning altar of Makhleb.
  8902 | D:7      | Slain by a yak

Illustrated notes

Levels and vault maps discovered:
D:1:      saegor_arrival_simple_a, layout_basic,
          hellmonk_ecumenical_altar_leap_of_faith
D:2:      layout_basic
D:3:      corexii_shack_village, layout_basic, okawaru_altar_gauntlet_db,
          lemuel_tele_altar, amcnicky_altar_gilded, minmay_misc_feat_pillars
D:4:      kennysheep_spiral_hall, layout_layer_cave, uniq_pikel, uniq_sigmund,
          uniq_robin, uniq_crazy_yiuf_cottage, uniq_ijyb
D:5:      layout_loops_ring, chequers_temple_overflow_statue_of_worship,
          palyth_stone_intersect
D:6:      layout_loops_ring, serial_shops, nicolae_book_shop_shelving
D:7:      layout_rooms, minmay_temple_entry_ruins, nicolae_ossuary_entry_giza,
          uniq_prince_ribbit1
D:8:      layout_basic, bloody_makhleb, lemuel_doored_altar
Temple:   eino_temple_lava

Skill      XL: |  1  2  3  4  5  6  7  8  9 |
---------------+----------------------------+-----
Armour         | 1 2 3 4 5 8 9 11 | 11.4
Ranged Weapons | 5 6 7 8 10 11 | 11.4
Fighting       | |  2.8
Dodging        | |  2.1
Stealth        | |  0.7

Action                     |  1- 3 |  4- 6 |  7- 9 || total
---------------------------+-------+-------+-------++-------
  Melee: Shortbow          |       |     2 |       ||     2
   Fire: Shortbow          |   139 |   311 |   563 ||  1013
 Invoke: Heroism           |       |     2 |    11 ||    13
    Use: Scroll            |       |     1 |     7 ||     8
         Potion            |       |       |     1 ||     1
 Armour: Scale mail        |    39 |   125 |   141 ||   305
         Skin              |       |       |     5 ||     5
  Dodge: Dodged            |    36 |   170 |   146 ||   352
